 Dungeon Crawl Stone Soup version 0.30-a0-883-g5ad918d77d (webtiles) character file.

Game seed: 10606839527626750755

2248 Strat the Basher (level 9, -4/66 (74) HPs)
             Began as a Barachi Reaver on Mar 17, 2023.
             Was an Initiate of Hepliaklqana.
             Slain by Menkaure (22 damage)
             ... on level 7 of the Dungeon.
             The game lasted 00:13:45 (7631 turns).

Strat the Basher (Barachi Reaver)                   Turns: 7631, Time: 00:13:46

HP:   -4/66 (74)    AC:  3    Str: 19    XL:     9   Next: 37%
MP:   10/12         EV: 12    Int: 13    God:    Hepliaklqana [......]
Gold: 444           SH:  0    Dex: 16    Spells: 6/12 levels left

rFire   . . .      SeeInvis .    a - +0 flail
rCold   . . .      Faith    .    (no shield)
rNeg    . . .      Spirit   .    b - +0 leather armour
rPois   .          Reflect  .    (no helmet)
rElec   .          Rampage  .    (no cloak)
rCorr   .                        (no gloves)
Will    .....                    (no boots)
Stlth   +                        (no amulet)
HPRegen 0.31/turn                r - +6 ring of dexterity
MPRegen 0.13/turn                e - +4 ring of slaying

@: immotile, heavily drained, slow
A: amphibious, slowness 1, strong legs 1, +LOS
a: Hop, Renounce Religion


You were on level 7 of the Dungeon.
You worshipped Hepliaklqana.
Hepliaklqana was noncommittal.
You visited 1 branch of the dungeon, and saw 7 of its levels.

You collected 444 gold pieces.

Inventory:

Hand Weapons
 a - a +0 flail (weapon)
 z - a +0 mace
 K - a +0 dire flail
Missiles
 q - 7 poisoned darts
Armour
 b - a +0 leather armour (worn)
 I - a +0 buckler
 J - +0 swamp dragon scales
Jewellery
 e - a +4 ring of slaying (right hand)
 f - a ring of flight
 r - a +6 ring of dexterity (left hand)
Wands
 A - a wand of mindburst (16)
 E - a wand of flame (10)
 L - a wand of digging (7)
Scrolls
 c - 8 scrolls of identify {unknown}
 d - 2 scrolls of vulnerability {unknown}
 g - a scroll of teleportation {unknown}
 h - 4 scrolls of blinking {unknown}
 j - 3 scrolls of silence {unknown}
 m - a scroll of summoning {unknown}
 s - 2 scrolls of enchant weapon {unknown}
 u - 3 scrolls of fog {unknown}
 v - a scroll of poison {unknown}
 w - 2 scrolls of amnesia {unknown}
 x - 2 scrolls of torment {unknown}
 y - a scroll of brand weapon {unknown}
 B - a scroll of noise {unknown}
 C - a scroll of immolation {unknown}
 H - a scroll of fear {unknown}
Potions
 i - 4 potions of might {unknown}
 k - a potion of lignification {unknown}
 l - 2 potions of curing
 n - 3 potions of attraction {unknown}
 o - 3 potions of degeneration {unknown}
 p - a potion of heal wounds {unknown}
 t - 3 potions of brilliance {unknown}
 D - a potion of resistance {unknown}
 F - a potion of invisibility {unknown}
 G - a potion of ambrosia {unknown}


   Skills:
 + Level 8.2 Fighting
 + Level 10.0 Maces & Flails
 - Level 4.0 Armour
 - Level 2.1 Dodging
 - Level 2.1 Spellcasting
 - Level 5.0 Conjurations
 - Level 2.6 Translocations


You had 6 spell levels left.
You knew the following spells:

 Your Spells              Type           Power      Damage    Failure   Level
a - Kiss of Death         Conj/Necr      28%        2d7       11%         1
b - Momentum Strike       Conj/Tloc      22%        3d8       9%          2
c - Hailstorm             Conj/Ice       7%         3d4       30%         3

Your spell library contained the following spells:

 Spells                   Type           Power      Damage    Failure   Level
 Dazzling Flash           Conj/Hex       14%        N/A       30%         3
 Agony                    Necr           1%         N/A       100%        5
 Silence                  Hex/Air        0%         N/A       100%        5


Dungeon Overview and Level Annotations

Branches:
Dungeon (7/15)             Temple (0/1) D:7

Altars:
Elyvilon
Fedhas
Hepliaklqana
Nemelex Xobeh
Qazlal
Ru
Uskayaw
Xom
Yredelemnul
Zin
The Shining One

Annotations:
D:7 Menkaure


Innate Abilities, Weirdness & Mutations

You are amphibious.
You cover ground slowly.
You can hop short distances.
You have an extended range of vision and can be seen from far away.


Message History

Your Maces & Flails skill increases to level 10!
You sock the orc!
You kill the orc!
Items here: )) [[ †.
K - a +0 dire flail HP restored.
Found a stone staircase leading up.
Found a scroll labelled MYHIEPS SOFAMN and a leather armour.
Found 15 gold pieces.
Found a lead wand.
w - 2 scrolls labelled MYHIEPS SOFAMN (gained 1)
There is a stone staircase leading up here.
L - a wand of digging (7) Menkaure, Prince of Dust comes into view.
Menkaure mumbles some strange words.
Menkaure seems to speed up.
Menkaure blazes with dark energy!
Found a stone staircase leading down.
Menkaure completely misses you.
Casting: Kiss of Death (safe; 11% risk of failure)
Confirm with . or Enter, or press ? or * to list all spells.
You can't see any susceptible monsters within range! (Use Z to cast anyway.) Unknown command.
Casting: Kiss of Death (safe; 11% risk of failure)
Confirm with . or Enter, or press ? or * to list all spells.
Aiming: Momentum Strike (safe; 9% risk of failure)
Press: ? - help, Dir - move target, f - Menkaure
Aim: Menkaure (fast, 85% to hit)
The concentrated momentum hits Menkaure!
Menkaure is heavily damaged.
You are unable to move.
Menkaure calls on the powers of darkness!
Your body is wracked with pain!
* * * LOW HITPOINT WARNING * * *
You thump Menkaure!
Menkaure is almost destroyed.
Menkaure hits you!!
* * * LOW HITPOINT WARNING * * *
You feel better. Menkaure hits you!!
You die...

..##..#.##.#....# .#
..##.......#.#.###.#
..###.#.##.#.......#
..#
#..........##..###
.# ..#
#.#.##.##........
... ### #[#.##.#
####..##....
#.#.##.######......
#.......M.##....
#......@......>.
#.###########... #.#
#.# #.# #.# .#. ♣ #
# ♣


You could see Menkaure (fast).

Vanquished Creatures
  Maggie (D:7)
  A wyvern (D:5)
  2 steam dragons (D:6)
  3 water moccasins
  2 ice beasts
  2 black bears (D:5)
  An orc warrior (D:7)
  A centaur (D:6)
  2 bullfrogs (D:6)
  2 scorpions
  3 hounds
  An orc priest (D:7)
  2 jellies
  A sleepcap (D:6)
  Jessica (D:3)
  4 iguanas
  11 adders
  2 white imps
  An ufetubus (D:5)
  3 worms
  3 dart slugs
  11 orcs
  4 ball pythons
  11 endoplasms
  8 giant cockroaches
  7 goblins
  7 hobgoblins
  4 jackals (D:1)
  2 quokkas
  5 bats
  2 frilled lizards
  12 kobolds
  4 rats
126 creatures vanquished.

Vanquished Creatures (others)
  A rat (D:3)
  2 plants (D:7)
3 creatures vanquished.

Grand Total: 129 creatures vanquished

Notes
Turn   | Place    | Note
-------+----------+-------------------------------------------
     0 | D:1      | Strat the Barachi Reaver began the quest for the Orb.
     0 | D:1      | Reached XP level 1. HP: 17/17 MP: 3/3
    86 | D:1      | Reached XP level 2. HP: 22/23 MP: 5/5
   102 | D:1      | Learned a level 2 spell: Momentum Strike
   167 | D:1      | Reached skill level 4 in Maces & Flails
   221 | D:1      | Reached skill level 1 in Translocations
   221 | D:1      | Reached XP level 3. HP: 25/28 MP: 6/6
  1331 | D:2      | Reached XP level 4. HP: 34/34 MP: 7/7
  1817 | D:2      | Found a basalt altar of Yredelemnul.
  1833 | D:2      | Reached XP level 5. HP: 39/39 MP: 4/8
  2464 | D:3      | Noticed Jessica
  2483 | D:3      | Killed Jessica
  2484 | D:3      | Reached skill level 5 in Maces & Flails
  2484 | D:3      | Reached skill level 1 in Armour
  2539 | D:3      | Found a shimmering altar of Xom.
  2662 | D:3      | Found a hide-covered altar of Uskayaw.
  3303 | D:4      | Found a sacrificial altar of Ru.
  3537 | D:4      | Reached XP level 6. HP: 45/46 MP: 6/9
  3546 | D:4      | Learned a level 3 spell: Hailstorm
  4121 | D:5      | Entered Level 5 of the Dungeon
  4121 | D:5      | Noticed a water moccasin
  4241 | D:5      | Noticed a black bear
  4380 | D:5      | Found a sparkling altar of Nemelex Xobeh.
  4380 | D:5      | Found a blossoming altar of Fedhas.
  4531 | D:5      | Killed a water moccasin
  4532 | D:5      | Reached skill level 6 in Maces & Flails
  4532 | D:5      | Reached skill level 5 in Conjurations
  4532 | D:5      | Reached XP level 7. HP: 33/50 MP: 4/10
  4607 | D:5      | Found a stormy altar of Qazlal.
  4874 | D:5      | Noticed a wyvern
  4884 | D:5      | Killed a wyvern
  4885 | D:5      | Reached skill level 7 in Maces & Flails
  5112 | D:5      | Reached XP level 8. HP: 12/60 MP: 0/11
  5767 | D:6      | Reached skill level 8 in Maces & Flails
  5802 | D:6      | Reached skill level 5 in Fighting
  6397 | D:6      | Reached skill level 9 in Maces & Flails
  6652 | D:6      | Reached XP level 9. HP: 65/72 MP: 9/12
  7009 | D:7      | Identified the +6 hand axe of Mastery {flame, rC- rN+++
                  | Int-4 Dex+8}
  7089 | D:7      | Found a staircase to the Ecumenical Temple.
  7124 | D:7      | Found a hazy altar of Hepliaklqana.
  7153 | D:7      | Became a worshipper of Hepliaklqana the Forgotten
  7317 | D:7      | Found a glowing silver altar of Zin.
  7318 | D:7      | Found a glowing golden altar of the Shining One.
  7322 | D:7      | Found a white marble altar of Elyvilon.
  7436 | D:7      | Noticed Maggie
  7458 | D:7      | Killed Maggie
  7534 | D:7      | Reached skill level 10 in Maces & Flails
  7625 | D:7      | Noticed Menkaure
  7631 | D:7      | Slain by Menkaure

Illustrated notes

Levels and vault maps discovered:
D:1:      denvon_arrival_waterhouse, layout_basic
D:2:      layout_loops_corners, basic_altar
D:3:      layout_basic, general_overflow_altar, xom_confusion_cloud,
          uniq_jessica
D:4:      layout_cave_pods, mainiacjoe_overflow_surrounded_room,
          nicolae_elevator_lobby_plus
D:5:      layout_gridville, grunt_qazlal_clouds, jmf_multi_god_temple
D:6:      layout_loops_cross, serial_rivers, chequers_serial_rivers_large_b,
          chequers_serial_rivers_marsh, chequers_serial_rivers_small_b,
          chequers_serial_rivers_micro_a, chequers_serial_rivers_small_3
D:7:      layout_loops_ring, good_gods_temple_1,
          nicolae_hepliaklqana_hazy_memory, minmay_temple_entry_antechambers,
          serial_shops, nicolae_shop_waterfront, nicolae_ossuary_entry_plus,
          minmay_fire_ice_demons, uniq_duvessa, uniq_crazy_yiuf_cottage,
          uniq_maggie, uniq_menkaure

Skill      XL: |  1  2  3  4  5  6  7  8  9 |
---------------+----------------------------+-----
Maces & Flails | 4 5 6 7 9 10 | 10.0
Translocations | 1 2 |  2.6
Conjurations   | 4 5 |  5.0
Armour         | 2 3 4 |  4.0
Fighting       | 4 7 8 |  8.2
Dodging        | |  2.1
Spellcasting   | |  2.1

Action                     |  1- 3 |  4- 6 |  7- 9 || total
---------------------------+-------+-------+-------++-------
  Melee: Mace              |    88 |   129 |       ||   217
         Punch             |     2 |     1 |     3 ||     6
         Flail             |       |    12 |   108 ||   120
   Cast: Momentum Strike   |       |    17 |    25 ||    42
         Kiss of Death     |       |     2 |     4 ||     6
  Evoke: Wand              |       |       |     4 ||     4
    Use: Potion            |       |       |     4 ||     4
 Armour: Leather armour    |    19 |    49 |    20 ||    88
  Dodge: Dodged            |    54 |   104 |    91 ||   249

Table legend: (Time is in decaauts)
 A = Elapsed time spent in this place.
 B = Non-inter-level travel time spent in this place.
 C = Inter-level travel time spent in this place.
 D = Time resting spent in this place.
 E = Time spent auto-exploring this place.
 F = Levels seen in this place.
 G = Mean time per level.
                   A        B        C        D        E       F      G
               +--------+--------+--------+--------+--------+-----+--------+
         Total |   8623 |   8241 |    382 |   1401 |   5168 |   7 | 1231.9 |
       Dungeon |   8623 |   8241 |    382 |   1401 |   5168 |   7 | 1231.9 |
               +--------+--------+--------+--------+--------+-----+--------+

Top non-repeatable levels by time:
     D:5: 1645 daAuts
     D:2: 1511 daAuts
     D:6: 1383 daAuts
     D:4: 1188 daAuts
     D:1: 1141 daAuts
     D:3: 1027 daAuts
     D:7: 725 daAuts
